← All builds
Suicide front / Cortex / Economy first / OBSERVED BUILD

Standard suicide front

Cortex Suicide front build order · Supreme Isthmus

The role's baseline economy-first play: fast Bot Lab, early Advanced Metal Extractor, and a Thug/Grunt/Aggravator mix pushed to hold the middle while teching up.

#raid #push · 1059 distinct matches · 187 players · 73% of Cortex Suicide front games · team won 57% of 1129 · Recently observed

HOW TO PLAY IT

Key timing: Bot Lab by 0:39

  1. Open 3 mex, then rush Bot Lab almost immediately.
  2. Finish Bot Lab and start pushing Thug, Grunt, Aggravator.
  3. Send units straight to middle to contest and stop leaks.
  4. Eat the Bot Lab for metal if 32% of games reach that point.
  5. Transition into Advanced Metal Extractor once middle is stable.

Phase by phase

TYPICAL OF ITS 1059 GAMES
  1. 1
  2. 2
  3. 3
PLAY THE OPENING

Follow the example game's first 6:00 step by step: what to build now, what comes next, and where it goes. At 1× it keeps pace with your own game.

  1. 1

    Up to the Bot Lab

    Economy
    • Metal Extractor2Mex
    Order
    1. Bot LabBot Lab after 2 mexdone ~0:36, middle half 0:27–0:45

    By 0:21 in all: 2 mex

    The example game in this phase · 1 step
    1. Bot LabBot Labdone 0:20 · typical 0:36
  2. 2

    Bot Lab to 5:00

    Economy
    • Metal Extractor3Mex
    • Wind Turbine2Wind
    Builders
    • Graverobber4 Graverobber
    • Construction Bot3 Con bot
    Army
    • Guard3 Guard
    • Thug16 Thug
    • Grunt3 Grunt
    Other
    • Radar Tower1 Radar Tower

    Some games also: aggravator (38%) · con turret (31%)

    By 5:00 in all: 5 mex · 3 wind

    The example game in this phase · 31 steps
    1. GruntGrunt
    2. GraverobberGraverobber
    3. Construction BotCon bot
    4. GruntGrunt
    5. Mex
    6. Construction BotCon bot
    7. Mex
    8. GruntGrunt ×8
    9. Mex ×2
    10. GruntGrunt ×3
    11. GraverobberGraverobber
    12. Mex
    13. Construction BotCon bot
    14. GruntGrunt
    15. Construction BotCon bot
    16. GraverobberGraverobber
    17. Con turret
    18. ThugThug
    19. Wind
    20. ThugThug ×2
    21. Mex
    22. Wind
    23. ThugThug ×3
    24. Wind
    25. ThugThug
    26. Naval Radar / Sonar TowerNaval Radar / Sonar Tower
    27. ThugThug
    28. Wind
    29. ThugThug ×3
    30. Wind
    31. ThugThug ×3
  3. 3

    5:00 to 10:00

    Economy
    • Metal Extractor1Mex
    • Wind Turbine12Wind
    Builders
    • Construction Turret1 Con turret
    • Graverobber3 Graverobber
    • Construction Bot1 Con bot
    Army
    • Guard1 Guard
    • Thug11 Thug
    • Grunt1 Grunt

    Some games also: aggravator (42%) · Radar Tower (39%) · energy storage (37%) · Twin Guard (31%)

    By 10:00 in all: 6 mex · 16 wind · 2 con turret

    The example game in this phase · 79 steps
    1. Wind
    2. ThugThug
    3. GraverobberGraverobber
    4. Wind
    5. ThugThug ×2
    6. Wind
    7. ThugThug ×2
    8. Converter
    9. ThugThug ×2
    10. Wind
    11. ThugThug
    12. Wind
    13. ThugThug
    14. Wind
    15. ThugThug
    16. Con turret
    17. ThugThug
    18. Wind
    19. Converter
    20. ThugThug
    21. Wind
    22. ThugThug
    23. Con turret
    24. Wind
    25. ThugThug
    26. Wind
    27. ThugThug
    28. Wind
    29. Con turret
    30. Wind
    31. ThugThug
    32. Mex
    33. Wind
    34. GraverobberGraverobber
    35. ThugThug
    36. Mex
    37. Wind
    38. ThugThug
    39. Wind
    40. ThugThug
    41. Mex
    42. ThugThug ×2
    43. Converter
    44. ThugThug ×3
    45. Wind
    46. ThugThug ×2
    47. Wind
    48. ThugThug ×3
    49. Wind
    50. ThugThug ×2
    51. Wind
    52. GraverobberGraverobber
    53. Converter
    54. ThugThug ×3
    55. Wind
    56. CastroCastro
    57. Wind ×2
    58. ThugThug
    59. CastroCastro
    60. Wind ×2
    61. Con turret
    62. Wind
    63. Advanced Metal ExtractorT2 mexdone 12:41 · typical 10:00
    64. ThugThug
    65. Wind ×2
    66. Radar TowerRadar Tower
    67. Converter
    68. Wind ×3
    69. Con turret
    70. Advanced Metal ExtractorT2 mex
    71. Bot LabEat Bot Labreclaimed for its metal
    72. Wind
    73. Converter
    74. Wind
    75. PulsarPulsarnot finished by 15:00
    76. Advanced solar
    77. Wind ×4
    78. Radar TowerRadar Tower
    79. Wind

Counts are medians over the build's games: half of them build more, half fewer. The example game is Chancho's (32 OS, 03/09/2026); pick another.

Team trades

IN AT LEAST 30% OF ITS GAMES

You hand over

Nothing regular.

You get

  • Tidal Generator4 Tidal from Pondfirst at 0:11 · in 69% of games
  • Advanced Construction Bot1 T2 con bot from Geo or Techfirst at 7:46 · in 55% of games

How it plays out

Typical game of this build, running totals by minute

Metal produced

010k20k
0:005:0010:0015:00

metal

Enemy metal destroyed

05k10k
0:005:0010:0015:00

metal

Own metal lost

05k10k
0:005:0010:0015:00

metal

1129 games.

Show as table
ByMetal produced: This buildEnemy metal destroyed: This buildOwn metal lost: This build
1:0033000
2:0094400
3:002036216173
4:003125733632
5:00428115421394
6:00547425052331
7:00664936373310
8:00782945654355
9:00894453015270
10:001021360176154
11:001158865676915
12:001316370367714
13:001475877548382
14:001637283518916
15:001774489709568
WHAT THE NUMBERS SAY

This baseline wins more often than most other roles' standard builds, with early aggression showing in high kills and losses alike.

  • + Team wins 54% of games, best winrate among the roles shown.
  • + First kill lands very early at 2:07 in all games.
  • − Own metal lost is heavy early, 1439 by 5:00.
  • − Enemy destroyed stays close to own losses through 15:00, a costly front.
THE EXAMPLE YOU ARE READING

Chancho

32.4 OS · 03/09/2026

Open source match ↗

6 received units · includes a constructor
144 metal received · 16900 energy received

Allied construction assistance is unknown. Timings are observations, not a promise of solo reproducibility.

Typical milestones

Bot Lab0:36Middle 50%: 0:27–0:45 · n=1123
Advanced Metal Extractor10:00Middle 50%: 9:00–11:14 · n=703

Played most by

XXMACGAMERXX134games of this build_Hawkey_70games of this build_X_61games of this buildrealisticjo53games of this buildAbyssFalcon48games of this build
Standard suicide front · Cortex Suicide front build order · BAR Build Atlas